 Dungeon Crawl Stone Soup version 0.17-a0-1399-gd5b76e1 (webtiles) character file.

222 tinkerttoy the Ruffian (level 5, 0/53 HPs)
             Began as a Troll Monk on June 20, 2015.
             Slain by SgtCarson's ghost (4 damage)
             ... on level 3 of the Dungeon.
             The game lasted 00:02:01 (1123 turns).

tinkerttoy the Ruffian (Troll Monk)                 Turns: 1123, Time: 00:02:01

Health: 0/53       AC:  5    Str: 19    XL:     5   Next: 66%
Magic:  4/4        EV: 11    Int:  6    God:
Gold:   66         SH:  0    Dex: 13    Spells: 0 memorised, 4 levels left

rFire  . . .     SeeInvis .       - Unarmed
rCold  . . .     Clarity  .     a - +0 robe
rNeg   . . .     SustAt   .     (no shield)
rPois  .         Gourm    +     (helmet restricted)
rElec  .         Spirit   .     (no cloak)
rCorr  .         Warding  .     (gloves unavailable)
rMut   .         Stasis   .     (boots unavailable)
MR     .....                    (no amulet)
Stlth  +.........               (no ring)
                                (no ring)

@: not resistant to hostile enchantments, very unstealthy
A: unfitting armour, claws 3, fast metabolism 3, gourmand, regeneration 2,
shaggy fur 1, tough skin 2
a: no special abilities


You were on level 3 of the Dungeon.
You were very full.

You visited 1 branch of the dungeon, and saw 3 of its levels.

You collected 66 gold pieces.

Inventory:

Armour
 a - a +0 robe (worn)
Scrolls
 e - 2 scrolls of identify {unknown}
 g - a scroll of blinking {unknown}
 i - a scroll of immolation {unknown}
 j - 2 scrolls of enchant armour {unknown}
 m - 2 scrolls of teleportation {unknown}
Potions
 c - a potion of cancellation {unknown}
 d - 3 potions of curing {unknown}
 h - a potion of might {unknown}
 n - a potion of beneficial mutation {unknown}
 o - a potion of resistance {unknown}
Comestibles
 b - 2 bread rations
 f - 4 fruits
 k - a meat ration
 l - 5 chunks of flesh


   Skills:
 + Level 3.3 Fighting
 + Level 3.2 Dodging
 - Level 1.1 Stealth
 * Level 5.8 Unarmed Combat


You had 4 spell levels left.
You didn't know any spells.

Dungeon Overview and Level Annotations

Branches:
Dungeon (3/15)

Altars:

Annotations:
D:3 SgtCarson's ghost, weakling TrBe


Innate Abilities, Weirdness & Mutations

You are too large for most types of armour.
You have claws for hands.
Your metabolism is lightning-fast.
You like to eat raw meat.
You heal very quickly.
You are covered in fur (AC +1).
You have very tough skin (AC +2).


Message History

* * * LOW HITPOINT WARNING * * *
You scratch SgtCarson's ghost but do no damage.
SgtCarson's ghost is heavily damaged.
SgtCarson's ghost closely misses you.
You scratch SgtCarson's ghost but do no damage.
SgtCarson's ghost is heavily damaged.
SgtCarson's ghost barely misses you.
You closely miss SgtCarson's ghost.
SgtCarson's ghost is heavily damaged.
SgtCarson's ghost closely misses you.
You scratch SgtCarson's ghost. Your claw misses SgtCarson's ghost.
SgtCarson's ghost is heavily damaged.
You scratch SgtCarson's ghost.
SgtCarson's ghost is heavily damaged.
SgtCarson's ghost barely misses you.
You barely miss SgtCarson's ghost.
SgtCarson's ghost is heavily damaged.
SgtCarson's ghost yells, "Who would have thought, even in death it is a pleasure to sever!"
SgtCarson's ghost hits you.
You die...

## ...# .# ##....
.. ..... .#
.##.#.# .# .#
...... .# ..
#...##### .## #.
##.......# ..#
#.###.@W# ..#
..##.#.# ..#
#.##.#.# ..#
#.##..[# ..##
#.....## ...#####
##.##..#
.#.....##
#...#.##
.#####†.###.#...#
## #.......#..##


You could see SgtCarson's ghost.

Vanquished Creatures
  Sigmund (D:2)
  Jessica (D:2)
  An ooze (D:3)
  A worm (D:2)
  A ball python (D:1)
  5 bats
  2 giant cockroaches (D:1)
  2 goblins (D:1)
  6 hobgoblins
  2 jackals (D:3)
  2 quokkas (D:2)
  2 kobolds (D:2)
  8 rats
34 creatures vanquished.

Notes
Turn   | Place    | Note
--------------------------------------------------------------
     0 | D:1      | tinkerttoy the Troll Monk began the quest for the Orb.
     0 | D:1      | Reached XP level 1. HP: 22/22 MP: 0/0
   335 | D:1      | Reached XP level 2. HP: 29/29 MP: 1/1
   873 | D:2      | Noticed Jessica
   881 | D:2      | Killed Jessica
   881 | D:2      | Reached XP level 3. HP: 7/36 MP: 2/2
   981 | D:2      | Noticed Sigmund
   991 | D:2      | Killed Sigmund
   991 | D:2      | Reached skill level 5 in Unarmed Combat
   991 | D:2      | Reached XP level 4. HP: 29/45 MP: 3/3
   991 | D:2      | Reached XP level 5. HP: 34/53 MP: 4/4
  1047 | D:2      | You fall through a shaft!
  1104 | D:3      | Noticed SgtCarson's ghost (weakling TrBe)
  1117 | D:3      | HP: 1/53 [SgtCarson's ghost (12)]
  1123 | D:3      | Slain by SgtCarson's ghost

Vault maps used:
D:1:      dpeg_arrival_short_road
D:2:      uniq_jessica, uniq_sigmund, uniq_terence
D:3:      nicolae_dithmenos_through_a_glass_darkly, gup_sewer_entry_bubbles,
          st_stairs_3

Action                   |  1- 3 |  4- 6 || total
-------------------------+-------+-------++-------
Melee: Unarmed           |    58 |    36 ||    94
 Stab: Sleeping          |     3 |       ||     3
  Eat: Chunk             |    14 |     1 ||    15
